Map: Golden Wall LE

Players

JinairRogue (Rogue) - Winner!

  • Race: Zerg Zerg
  • Spawn Location: 7:00

SpeCial

  • Race: Terran Terran
  • League: Master
  • Spawn Location: 5:00

Event: DreamHack SC2 Masters 2020 Fall

VOD

Have the link to the VOD?

Description

Time

  • Played on: Sept. 17, 2020, 10:50 a.m.
  • Length: 4:52

All games in this series

Show
View Real Time Build Order
Export as new Build Order

JinairRogue Zerg - Winner!

Build Orders: Hatch First, Roach Nydus 

Get SALT Encoding   

  12  0:00  Drone  
  13  0:12  Overlord  
  13  0:17  Drone  
  14  0:30  Drone  
  14  0:31  Drone  
  16  0:48  Hatchery  
  15  0:51  Drone  
  15  0:55  Drone  
  17  0:58  Drone  
  18  1:09  Extractor  
  17  1:14  Spawning Pool  
  17  1:17  Drone  
  17  1:20  Drone  
  18  1:28  Drone  
  19  1:40  Drone  
  20  1:52  Drone  
  21  2:00  Queen x2  
  21  2:01  Zergling x4  
  27  2:10  Overlord  
  27  2:12  Drone  
  28  2:29  Drone x2  
  30  2:34  Overlord  
  30  2:36  Queen  
  30  2:37  Drone  
  33  2:38  Lair  
  33  2:40  Extractor  
  32  2:45  Drone x2  
  34  2:54  Drone x2  
  36  3:05  Drone x2  
  38  3:09  Drone x5  
  43  3:14  Overlord  
  43  3:23  Roach Warren  
  43  3:25  Overlord  
  42  3:37  Nydus Network  
  41  3:54  Overlord  
  45  4:03  Roach x9  
  59  4:11  Overlord  
  59  4:14  Nydus Canal  
  59  4:19  Roach, Overlord  
  59  4:20  Overlord  
  61  4:26  Overlord  
Show
View Real Time Build Order
Export as new Build Order

SpeCial Terran 

Build Orders: Reaper Expand 

Get SALT Encoding   

  12  0:00  SCV  
  13  0:12  SCV  
  14  0:17  Supply Depot  
  14  0:24  SCV  
  15  0:38  SCV  
  15  0:40  Barracks  
  16  0:42  Refinery  
  16  0:50  SCV  
  17  1:02  SCV  
  18  1:15  SCV  
  19  1:27  Orbital Command, Reaper  
  20  1:41  Command Center  
  20  1:51  Supply Depot  
  20  1:53  SCV  
  21  1:59  Marine  
  22  2:04  Factory  
  22  2:07  SCV  
  23  2:20  SCV, Barracks Reactor  
  24  2:32  SCV  
  25  2:38  Command Center  
  25  2:45  SCV  
  26  2:53  Orbital Command  
  26  2:56  Starport  
  26  3:00  SCV  
  26  3:03  Refinery  
  27  3:11  Hellion  
  29  3:14  Hellion  
  29  3:15  Marine  
  29  3:18  SCV  
  33  3:22  SCV  
  34  3:33  Viking  
  36  3:34  Barracks Tech Lab  
  36  3:35  SCV x2  
  38  3:47  SCV x2  
  40  3:51  Barracks  
  40  3:54  Barracks  
  40  3:58  Orbital Command  
  40  4:01  Marine  
  40  4:03  Factory Reactor  
  40  4:04  SCV x2  
  42  4:10  Starport Reactor  
  42  4:16  SCV x2  
  44  4:22  Refinery  
  44  4:24  Marine  
  44  4:28  SCV  
  44  4:29  SCV  
  46  4:36  SCV  

Tags
 
Add a new tag
Caveats
  • Supply blocks, unpowered buildings, or Contaminate may cause inaccurate times.
  • Supply counts are checked every 10 seconds.